 Dungeon Crawl Stone Soup version 0.22-a0-402-ga933591 (webtiles) character file.

122 Borgoz the Covered (level 5, -1/33 HPs)
             Began as a Gargoyle Fighter on May 7, 2018.
             Killed from afar by a white imp (5 damage)
             ... with a puff of frost
             ... summoned by Natasha
             ... on level 2 of the Dungeon.
             The game lasted 00:02:19 (1557 turns).

Borgoz the Covered (Gargoyle Fighter)               Turns: 1557, Time: 00:02:21

Health: -1/33      AC:  0    Str: 20    XL:     5   Next: 6%
Magic:  5/5        EV: 17    Int:  8    God:
Gold:   112        SH:  0    Dex: 15    Spells: 4/4 levels left

rFire    . . .     SeeInvis .   (weapon currently unavailable)
rCold    . . .     Gourm    .   (shield currently unavailable)
rNeg     + . .     Faith    .   (armour currently unavailable)
rPois    ∞         Spirit   .   (helmet currently unavailable)
rElec    .         Reflect  .   (cloak currently unavailable)
rCorr    .         Harm     .   (gloves currently unavailable)
MR       .....                  (boots currently unavailable)
Stlth    +.........             (no amulet)
HPRegen  0.11/turn              (ring currently unavailable)
MPRegen  0.09/turn              (ring currently unavailable)

@: bat-form, flying, very quick
A: tiny, negative energy resistance 1, petrification resistance, rot immunity,
AC +4
a: no special abilities


You were on level 2 of the Dungeon.
You were not hungry.
You were in bat-form.
You visited 1 branch of the dungeon, and saw 2 of its levels.

You collected 112 gold pieces.

Inventory:

Hand Weapons
 a - a +0 flail (melded)
Armour
 b - a +0 scale mail (melded)
 c - a +0 shield (melded)
Jewellery
 m - an uncursed ring of protection from fire {unknown}
 p - an uncursed ring of wizardry {unknown}
Scrolls
 e - a scroll of identify {unknown}
 g - a scroll of enchant armour {unknown}
 h - a scroll of teleportation {unknown}
 k - a scroll of fear {unknown}
 l - a scroll of fog {unknown}
 n - a scroll of immolation {unknown}
 q - a scroll of remove curse {unknown}
Potions
 d - a potion of might
 i - a potion of invisibility {unknown}
 j - 2 potions of curing {unknown}
 o - a potion of flight {unknown}
Comestibles
 f - 7 rations


   Skills:
 + Level 4.1 Fighting
 + Level 3.0 Maces & Flails
 + Level 4.2 Armour
 + Level 4.2 Shields


You had 4 spell levels left.
You didn't know any spells.

Dungeon Overview and Level Annotations

Branches:
Dungeon (2/15)

Altars:

Annotations:
D:2 Natasha


Innate Abilities, Weirdness & Mutations

You are resistant to torment.
((Your stone body is resilient. (AC +4)))
You are immune to poison.
You resist negative energy. (rN+)
((You are resistant to electric shocks. (rElec)))
((You can survive without breathing.))
You are immune to petrification.
You are immune to rotting.


Message History

You hit Natasha but do no damage.
Natasha is moderately wounded.
Natasha claws you.
You hit Natasha but do no damage.
Natasha is moderately wounded.
Natasha casts a spell at you. The magic dart hits you!
You are too injured to fight recklessly!
Unknown command.
Sorry, you're not good enough to have a special ability.
You can't do that in your present form.
You hit Natasha.
Natasha is moderately wounded.
Natasha stares at you and mumbles some strange words.
The magic dart hits you!
* * * LOW HITPOINT WARNING * * *
Unknown command.
The white imp gestures at you. The puff of frost hits you!
You die...

#####+#######..# ##.#
# #.. ######'#### ##.
#..........#####.
######..h.............
#.......5.............
#.....................
#....b................
#......$..............
#.....................
#.[....###############
#######......# #
#............# #
######.......###### #
#............# #
#.############ #


You could see Natasha and a white imp.

Vanquished Creatures
  Natasha (D:2)
  4 gnolls
  2 oozes
  A worm (D:2)
  A dart slug (D:1)
  A leopard gecko (D:1)
  2 giant cockroaches (D:1)
  7 goblins
  3 hobgoblins
  5 jackals (D:1)
  8 bats
  3 frilled lizards
  5 kobolds
  4 rats
47 creatures vanquished.

Notes
Turn   | Place    | Note
-------+----------+-------------------------------------------
     0 | D:1      | Borgoz the Gargoyle Fighter began the quest for the Orb.
     0 | D:1      | Reached XP level 1. HP: 14/14 MP: 1/1
   157 | D:1      | Reached XP level 2. HP: 19/19 MP: 2/2
   211 | D:1      | Reached XP level 3. HP: 23/23 MP: 3/3
  1013 | D:2      | Reached XP level 4. HP: 29/29 MP: 4/4
  1021 | D:2      | Noticed Natasha
  1032 | D:2      | Killed Natasha
  1303 | D:2      | Reached XP level 5. HP: 31/33 MP: 5/5
  1540 | D:2      | Noticed Natasha
  1557 | D:2      | Killed from afar by a white imp

Vault maps used:
D:1:      kilobyte_arrival_exit_the_forest, skrybe_limestone_x
D:2:      kennysheep_generic_room_14, uniq_natasha

Skill      XL: |  1  2  3  4 |
---------------+-------------+-----
Armour         | 4 |  4.2
Shields        | 4 |  4.2
Fighting       | 4 |  4.1
Maces & Flails | 3 |  3.0

Action                   |  1- 3 |  4- 6 || total
-------------------------+-------+-------++-------
Melee: Flail             |   119 |    48 ||   167
       Unarmed           |       |    10 ||    10
  Eat: Chunk             |       |     2 ||     2
Armor: Scale mail        |    86 |    22 ||   108
Dodge: Dodged            |    63 |    19 ||    82
Block: Shield            |    87 |    25 ||   112

Table legend:
 A = Spawn XP
 B = Non-spawn XP
 C = Spawn XP percentage of total XP
 D = Spawn monster count
 E = Non-spawn monster count
 F = Spawn count percentage of total count
 G = Total turns spent on level
                    A         B        C        D         E        F      G
               +---------+---------+-------+---------+---------+-------+---------
         Total |       0 |     175 |   0.0 |       0 |      47 |   0.0 |  1557
               +---------+---------+-------+---------+---------+-------+---------
           D:1 |       0 |      73 |   0.0 |       0 |      32 |   0.0 |   806
           D:2 |       0 |     102 |   0.0 |       0 |      15 |   0.0 |   751
               +---------+---------+-------+---------+---------+-------+---------
